[Event "DVM U10 2024"]
[Site "Duesseldorf"]
[Date "2024.12.27"]
[Round "3"]
[White "Goyush, Shams"]
[Black "Breaz, Arthur"]
[Result "0-1"]
[ECO "C50"]
[WhiteElo "1122"]
[BlackElo "1123"]
[Annotator "NA RC"]
[PlyCount "114"]
[EventDate "2024.12.23"]
[EventType "team-tourn"]
[EventRounds "7"]
[EventCountry "GER"]
[SourceTitle "playchess.com"]
[Source "ChessBase"]
[SourceQuality "1"]
[TimeControl "3300+5"]

1. e4 e5 2. Nf3 Nc6 3. Bc4 Bc5 4. Nc3 Nf6 5. d3 O-O 6. Bg5 h6 7. Bh4 d6 8. Nd5 Bg4 9. h3 Bxf3 10. Qxf3 Nd4 11. Qd1 g5 12. Bg3 c6 13. Nxf6+ Qxf6 14. c3 Ne6 15. O-O b5 16. Bb3 Rad8 17. h4 d5 18. Qe2 Nf4 19. Qf3 Nh3+ 20. Kh2 Qxf3 21. gxf3 gxh4 22. Bxh4 Ng5 23. Rg1 f6 24. d4 exd4 25. f4 Kh7 26. fxg5 fxg5 27. Bg3 dxc3 28. bxc3 Bxf2 29. Bxf2 Rxf2+ 30. Rg2 Rxg2+ 31. Kxg2 dxe4 32. Rd1 Rxd1 33. Bxd1 Kg6 34. Bc2 Kf5 35. Kg3 h5 36. Kf2 Kf4 37. Bd1 e3+ 38. Ke1 g4 39. Kf1 h4 40. Kg1 h3 41. Kh2 Ke4 42. Bxg4 Kd3 43. Kxh3 Kxc3 44. Kg3 Kd2 45. Kf4 c5 46. Ke4 c4 47. Kd5 c3 48. Kc5 c2 49. Kxb5 c1=Q 50. Ka6 Qb2 51. Kxa7 Kc3 52. a4 Kd4 53. a5 Kc5 54. Be2 Kd6 55. a6 Kc7 56. Bb5 Qxb5 57. Ka8 Qb8# 0-1

[Event "DVM U10 2024"]
[Site "Duesseldorf"]
[Date "2024.12.27"]
[Round "3"]
[White "Naveen, Yuvaan"]
[Black "Fredrich, Tarje"]
[Result "1-0"]
[ECO "D00"]
[WhiteElo "1110"]
[BlackElo "1056"]
[Annotator "NA RC"]
[PlyCount "59"]
[EventDate "2024.12.23"]
[EventType "team-tourn"]
[EventRounds "7"]
[EventCountry "GER"]
[SourceTitle "playchess.com"]
[Source "ChessBase"]
[SourceQuality "1"]
[TimeControl "3300+5"]

1. d4 d5 2. Bf4 Nc6 3. e3 a6 4. c3 Nf6 5. Nd2 e6 6. Ngf3 Bd6 7. Bg3 O-O 8. Bd3 Re8 9. Ne5 Bd7 10. Qc2 Qe7 11. Bh4 Rad8 12. Bxh7+ Kf8 13. f4 Bxe5 14. fxe5 Rc8 15. exf6 gxf6 16. Rf1 Qd6 17. Bxf6 Qxh2 18. Bg6 Qg3+ 19. Kd1 fxg6 20. Bh4+ Kg7 21. Bxg3 e5 22. dxe5 Nxe5 23. Bxe5+ Rxe5 24. Qd3 Bf5 25. Qd4 Kf6 26. Nf3 Rce8 27. Nxe5 Rxe5 28. g4 c5 29. Qxc5 Kg5 30. gxf5 1-0

[Event "DVM U10 2024"]
[Site "Duesseldorf"]
[Date "2024.12.27"]
[Round "3"]
[White "Tschötsch, Hugo"]
[Black "Heinig, Arvid"]
[Result "1-0"]
[ECO "D06"]
[WhiteElo "1110"]
[BlackElo "1039"]
[Annotator "NA RC"]
[PlyCount "91"]
[EventDate "2024.12.23"]
[EventType "team-tourn"]
[EventRounds "7"]
[EventCountry "GER"]
[SourceTitle "playchess.com"]
[Source "ChessBase"]
[SourceQuality "1"]
[TimeControl "3300+5"]

1. d4 d5 2. c4 Nf6 3. cxd5 Nxd5 4. e4 Nb6 5. Nc3 Nc6 6. Nf3 Bg4 7. Bb5 a6 8. Bxc6+ bxc6 9. O-O e6 10. h3 Bh5 11. Be3 Be7 12. g4 Bg6 13. Ne5 Qd6 14. Bf4 Qd8 15. Nxc6 Qc8 16. Nxe7 Kxe7 17. Qe2 Kf8 18. Rac1 h5 19. g5 e5 20. Bxe5 Qxh3 21. Bxc7 Nc8 22. f4 Qg3+ 23. Qg2 Qe3+ 24. Qf2 Qh3 25. f5 Bh7 26. g6 Qg4+ 27. Qg2 Qxg2+ 28. Kxg2 Bxg6 29. fxg6 Rh6 30. gxf7 Rf6 31. Be5 Rg6+ 32. Kh1 Ra7 33. Rf5 h4 34. Rh5 Kxf7 35. Rf1+ Kg8 36. Rxh4 Rb7 37. b3 Rbb6 38. Nd5 Rbc6 39. Rhf4 Rh6+ 40. Kg2 Rc2+ 41. R4f2 Rg6+ 42. Bg3 Rxf2+ 43. Rxf2 Nd6 44. Ne7+ Kh7 45. Nxg6 Kxg6 46. Bxd6 1-0

[Event "DVM U10 2024"]
[Site "Duesseldorf"]
[Date "2024.12.27"]
[Round "3"]
[White "Kirchgessner, Thomas"]
[Black "Pohlmann, Johannes Leon"]
[Result "0-1"]
[ECO "B20"]
[WhiteElo "1094"]
[BlackElo "1127"]
[Annotator "NA RC"]
[PlyCount "31"]
[EventDate "2024.12.23"]
[EventType "team-tourn"]
[EventRounds "7"]
[EventCountry "GER"]
[SourceTitle "playchess.com"]
[Source "ChessBase"]
[SourceQuality "1"]
[TimeControl "3300+5"]

1. e4 c5 2. Nc3 e6 3. Bc4 Nc6 4. d3 Be7 5. Bf4 Nf6 6. Nf3 d6 7. Qd2 O-O 8. O-O a6 9. a3 e5 10. Bg5 Bg4 11. Qe3 Nd4 12. Ne1 h6 13. Bh4 Be6 14. Bxe6 fxe6 15. Ne2 Ng4 16. Bxe7 0-1

[Event "DVM U10 2024"]
[Site "Duesseldorf"]
[Date "2024.12.27"]
[Round "3"]
[White "Chen, Aimée"]
[Black "Mayer, Frederik Eliot"]
[Result "1-0"]
[ECO "C50"]
[WhiteElo "1090"]
[BlackElo "1128"]
[Annotator "NA RC"]
[PlyCount "104"]
[EventDate "2024.12.23"]
[EventType "team-tourn"]
[EventRounds "7"]
[EventCountry "GER"]
[SourceTitle "playchess.com"]
[Source "ChessBase"]
[SourceQuality "1"]
[TimeControl "3300+5"]

1. e4 e5 2. Nf3 Nc6 3. Bc4 Bc5 4. Nc3 d6 5. h3 Nf6 6. d3 h6 7. O-O O-O 8. Be3 Bb6 9. d4 exd4 10. Nxd4 Nxd4 11. Bxd4 Bxd4 12. Qxd4 Be6 13. Rfe1 c5 14. Qd3 Bxc4 15. Qxc4 Re8 16. Rad1 Qc7 17. Nb5 Qe7 18. Nxd6 Qe6 19. Qxe6 Rxe6 20. e5 Nd7 21. Nxb7 Nxe5 22. Nxc5 Re7 23. f4 Rc8 24. Rxe5 Rxe5 25. fxe5 Rxc5 26. c3 Rxe5 27. Kf2 Re7 28. Re1 Rb7 29. b4 Rc7 30. Rc1 Rc4 31. b5 f6 32. Ke3 Rc5 33. c4 Kf7 34. a4 Ke6 35. Ke4 f5+ 36. Kd4 Kd6 37. a5 g5 38. g3 h5 39. Rb1 Rc7 40. b6 axb6 41. axb6 Rb7 42. c5+ Kc6 43. Ke5 f4 44. gxf4 gxf4 45. Kxf4 Kxc5 46. Kg5 Rxb6 47. Rxb6 Kxb6 48. Kxh5 Kc7 49. Kg6 Kd7 50. h4 Ke7 51. Kg7 Ke6 52. h5 Kf5 1-0

[Event "DVM U10 2024"]
[Site "Duesseldorf"]
[Date "2024.12.27"]
[Round "3"]
[White "Schacht, Jakob Otto"]
[Black "Boeskov, Steffen"]
[Result "0-1"]
[ECO "C45"]
[WhiteElo "1064"]
[BlackElo "1933"]
[Annotator "RC"]
[PlyCount "90"]
[EventDate "2024.12.23"]
[EventType "team-tourn"]
[EventRounds "7"]
[EventCountry "GER"]
[SourceTitle "playchess.com"]
[Source "ChessBase"]
[SourceQuality "1"]
[TimeControl "3300+5"]

1. e4 e5 2. Nf3 Nc6 3. d4 exd4 4. Nxd4 Nxd4 5. Qxd4 Qe7 6. Nc3 Qb4 7. Qxb4 Bxb4 8. Bd2 d6 9. O-O-O Bxc3 10. Bxc3 Nf6 11. e5 Ne4 12. Bd4 dxe5 13. f3 exd4 14. fxe4 Bd7 15. Rxd4 Rd8 16. Bc4 Bc6 17. Rhd1 Rxd4 18. Rxd4 Ke7 19. Kd2 Rd8 20. Ke3 Rxd4 21. Kxd4 b5 22. Bb3 f5 23. exf5 Kf6 24. Be6 Bxg2 25. Kc5 g6 26. Bd5 Bxd5 27. Kxd5 Kxf5 28. Kc5 a6 29. Kc6 h5 30. Kxc7 g5 31. Kb6 h4 32. Kxa6 g4 33. Kxb5 g3 34. c4 gxh2 35. c5 h1=Q 36. c6 Qc1 37. b4 Ke6 38. Kb6 Kd6 39. b5 Qc5+ 40. Ka6 Qa3+ 41. Kb7 Qc5 42. a4 h3 43. Ka6 Kc7 44. a5 Kb8 45. b6 Qc4# 0-1

[Event "DVM U10 2024"]
[Site "Duesseldorf"]
[Date "2024.12.27"]
[Round "3"]
[White "Steffen, Leon"]
[Black "Glavev, Victor"]
[Result "0-1"]
[ECO "C50"]
[WhiteElo "1058"]
[BlackElo "1443"]
[Annotator "NA RC"]
[PlyCount "36"]
[EventDate "2024.12.23"]
[EventType "team-tourn"]
[EventRounds "7"]
[EventCountry "GER"]
[SourceTitle "playchess.com"]
[Source "ChessBase"]
[SourceQuality "1"]
[TimeControl "3300+5"]

1. e4 e5 2. Nf3 Nc6 3. Bc4 Bc5 4. O-O Nf6 5. d3 h6 6. Nc3 d6 7. a3 Bg4 8. h3 Bh5 9. b4 Bb6 10. Be3 Nd4 11. a4 Bxf3 12. gxf3 Qd7 13. a5 Qxh3 14. Bxd4 Bxd4 15. Ra3 Nh5 16. Nd5 O-O 17. Nxc7 Nf4 18. Re1 Qg2# 0-1

[Event "DVM U10 2024"]
[Site "Duesseldorf"]
[Date "2024.12.27"]
[Round "3"]
[White "Müller, Charlie Erik"]
[Black "Kolesnikoff, Christophe"]
[Result "0-1"]
[ECO "C54"]
[WhiteElo "1043"]
[BlackElo "980"]
[Annotator "NA RC"]
[PlyCount "80"]
[EventDate "2024.12.23"]
[EventType "team-tourn"]
[EventRounds "7"]
[EventCountry "GER"]
[SourceTitle "playchess.com"]
[Source "ChessBase"]
[SourceQuality "1"]
[TimeControl "3300+5"]

1. e4 e5 2. Nf3 Nc6 3. Bc4 Nf6 4. d3 Bc5 5. c3 d6 6. Bg5 h6 7. Be3 Bb6 8. d4 exd4 9. cxd4 Ba5+ 10. Bd2 Nxe4 11. O-O O-O 12. Bd5 Nxd2 13. Nbxd2 Bg4 14. Ne4 Nb4 15. Qb3 Bxf3 16. gxf3 Nxd5 17. Qxd5 Bb6 18. Rad1 Rb8 19. Rd3 Re8 20. f4 Qh4 21. Kg2 Qxf4 22. Re1 Re6 23. Qh5 Rxe4 24. Rf3 Qg4+ 25. Qxg4 Rxg4+ 26. Kh3 Rxd4 27. Re7 Rf8 28. Rg3 Rd2 29. Re4 f5 30. Re6 Bxf2 31. Rg2 f4 32. Reg6 Rf7 33. Re6 f3 34. Rg4 Bd4 35. Re8+ Rf8 36. Rxf8+ Kxf8 37. Rf4+ Ke7 38. Rxf3 Rxb2 39. Rf4 Be5 40. Rg4 Rxh2# 0-1

[Event "DVM U10 2024"]
[Site "Duesseldorf"]
[Date "2024.12.27"]
[Round "3"]
[White "von der Thüsen, Gottfried"]
[Black "Nickel, Alexander"]
[Result "0-1"]
[ECO "D30"]
[WhiteElo "1041"]
[BlackElo "1200"]
[Annotator "NA"]
[PlyCount "68"]
[EventDate "2024.12.23"]
[EventType "team-tourn"]
[EventRounds "7"]
[EventCountry "GER"]
[SourceTitle "playchess.com"]
[Source "ChessBase"]
[SourceQuality "1"]
[TimeControl "3300+5"]

1. d4 d5 2. c4 e6 3. Nf3 Nd7 4. c5 c6 5. e3 Ngf6 6. Be2 Be7 7. O-O O-O 8. Bd3 Re8 9. Re1 h6 10. e4 Nf8 11. e5 N6h7 12. Bxh7+ Kxh7 13. Nfd2 Ng6 14. Re3 Bg5 15. Rf3 f5 16. exf6 gxf6 17. Qc2 f5 18. Nc3 Qf6 19. g4 Qg7 20. gxf5 exf5 21. Nf1 Bd8 22. Re3 Rxe3 23. Nxe3 Kh8 24. Kf1 Nf4 25. Nxf5 Qg2+ 26. Ke1 Qg1+ 27. Kd2 Qxf2+ 28. Kd1 Qg1+ 29. Kd2 Qxh2+ 30. Kd1 Qh5+ 31. Ke1 Bxf5 32. Qd2 Qh1+ 33. Kf2 Qg2+ 34. Ke3 Qg3# 0-1

[Event "DVM U10 2024"]
[Site "Duesseldorf"]
[Date "2024.12.27"]
[Round "3"]
[White "Mettenbrink, Tammo"]
[Black "Wilting, Oskar"]
[Result "0-1"]
[ECO "B22"]
[WhiteElo "1029"]
[BlackElo "1454"]
[Annotator "NA RC"]
[PlyCount "70"]
[EventDate "2024.12.23"]
[EventType "team-tourn"]
[EventRounds "7"]
[EventCountry "GER"]
[SourceTitle "playchess.com"]
[Source "ChessBase"]
[SourceQuality "1"]
[TimeControl "3300+5"]

1. e4 c5 2. c3 Nf6 3. e5 Nd5 4. d4 cxd4 5. cxd4 e6 6. Bc4 Nb6 7. Bd3 Nc6 8. Nf3 Nd5 9. O-O a6 10. Bd2 b5 11. Nc3 Nce7 12. Be4 Bb7 13. Bg5 Nxc3 14. bxc3 Bxe4 15. Qe2 Bb7 16. Qe3 Qc7 17. Rac1 Nd5 18. Qd3 Qc4 19. Qc2 Ba3 20. Rcd1 Qxc3 21. Qxc3 Nxc3 22. Rd3 Bb4 23. Bd2 Nd5 24. Bxb4 Nxb4 25. Ra3 O-O 26. Rb1 Rac8 27. Nd2 Nd5 28. Rg3 Rc2 29. Nf3 Rfc8 30. h3 Nf4 31. Rg4 Bxf3 32. Rxf4 Rc1+ 33. Rxc1 Rxc1+ 34. Kh2 Bd5 35. Rg4 Bb7 0-1

[Event "DVM U10 2024"]
[Site "Duesseldorf"]
[Date "2024.12.27"]
[Round "3"]
[White "Zhukov, Eli"]
[Black "Torgoev, Timur"]
[Result "1-0"]
[ECO "C50"]
[WhiteElo "1018"]
[BlackElo "1153"]
[Annotator "NA RC"]
[PlyCount "63"]
[EventDate "2024.12.23"]
[EventType "team-tourn"]
[EventRounds "7"]
[EventCountry "GER"]
[SourceTitle "playchess.com"]
[Source "ChessBase"]
[SourceQuality "1"]
[TimeControl "3300+5"]

1. e4 e5 2. Nf3 Nc6 3. Bc4 Nf6 4. d3 Bc5 5. O-O O-O 6. Bg5 d6 7. h3 Nd4 8. Nxd4 Bxd4 9. c3 Bb6 10. Nd2 h6 11. Bh4 g5 12. Bg3 Re8 13. Qb3 Be6 14. Nf3 Nh5 15. d4 exd4 16. cxd4 Bxc4 17. Qxc4 Rxe4 18. Qd5 Qe8 19. Nxg5 hxg5 20. Qxg5+ Ng7 21. f4 Bxd4+ 22. Kh2 Re2 23. Rae1 Bxb2 24. Rxe2 Qxe2 25. Rf2 Qd1 26. Rxb2 Re8 27. Rxb7 Kf8 28. Rxc7 d5 29. Qf6 Qh5 30. Qh4 Nf5 31. Qxh5 Re7 32. Qh8# 1-0

[Event "DVM U10 2024"]
[Site "Duesseldorf"]
[Date "2024.12.27"]
[Round "3"]
[White "Obermeier, Vitus"]
[Black "Möller, Lia Sofie"]
[Result "1-0"]
[ECO "D06"]
[WhiteElo "982"]
[BlackElo "829"]
[Annotator "NA RC"]
[PlyCount "33"]
[EventDate "2024.12.23"]
[EventType "team-tourn"]
[EventRounds "7"]
[EventCountry "GER"]
[SourceTitle "playchess.com"]
[Source "ChessBase"]
[SourceQuality "1"]
[TimeControl "3300+5"]

1. d4 d5 2. c4 Nf6 3. Bg5 h6 4. Bh4 b6 5. g3 g5 6. Bg2 gxh4 7. cxd5 Nxd5 8. e4 Nf6 9. e5 h3 10. Bxa8 Bg4 11. f3 Be6 12. exf6 exf6 13. Qe2 Qxd4 14. Nc3 Kd8 15. Rd1 Bc4 16. Rxd4+ Kc8 17. Qe8# 1-0

[Event "DVM U10 2024"]
[Site "Duesseldorf"]
[Date "2024.12.27"]
[Round "3"]
[White "Wüstenberg, Felix"]
[Black "Sengupta, Arjun"]
[Result "1-0"]
[ECO "C50"]
[WhiteElo "975"]
[BlackElo "858"]
[Annotator "NA COMBH RC"]
[PlyCount "39"]
[EventDate "2024.12.23"]
[EventType "team-tourn"]
[EventRounds "7"]
[EventCountry "GER"]
[SourceTitle "playchess.com"]
[Source "ChessBase"]
[SourceQuality "1"]
[TimeControl "3300+5"]

1. e4 e5 2. Nf3 Nc6 3. Bc4 Nf6 4. Nc3 Bc5 5. d3 d6 6. Bg5 Be6 7. Bb3 h6 8. Be3 Bb6 9. O-O Nd4 10. Qd2 Nxf3+ 11. gxf3 a6 12. Kh1 Bh3 13. Rg1 O-O 14. Bxh6 Ba7 15. Qg5 Nh5 16. Qxh5 Qf6 17. Rxg7+ Kh8 18. Rg3 Rg8 19. Bf4+ Qh6 {[%emt 0:02:48] Check Result:?ev?} 20. Qxh6# 1-0

[Event "DVM U10 2024"]
[Site "Duesseldorf"]
[Date "2024.12.27"]
[Round "3"]
[White "Roppel, Alexander"]
[Black "Roessling, Johannes"]
[Result "0-1"]
[ECO "C58"]
[WhiteElo "954"]
[BlackElo "1618"]
[Annotator "NA RC"]
[PlyCount "48"]
[EventDate "2024.12.23"]
[EventType "team-tourn"]
[EventRounds "7"]
[EventCountry "GER"]
[SourceTitle "playchess.com"]
[Source "ChessBase"]
[SourceQuality "1"]
[TimeControl "3300+5"]

1. e4 e5 2. Nf3 Nc6 3. Bc4 Nf6 4. Ng5 d5 5. exd5 Na5 6. Bb5+ c6 7. dxc6 bxc6 8. Qf3 Bd7 9. Qe3 cxb5 10. Qxe5+ Be7 11. Qf4 O-O 12. Qg3 Re8 13. d3 Bd6+ 14. Qe3 Rxe3+ 15. fxe3 Ng4 16. e4 Bxh2 17. Rf1 Bg3+ 18. Kd1 Nf2+ 19. Ke1 Nxe4+ 20. Kd1 Nxg5 21. Rh1 Bg4+ 22. Kd2 b4 23. c3 b3 24. a3 Nc4# 0-1

[Event "DVM U10 2024"]
[Site "Duesseldorf"]
[Date "2024.12.27"]
[Round "3"]
[White "Najjar, Anton"]
[Black "Baasch, Julius"]
[Result "1-0"]
[ECO "B01"]
[WhiteElo "933"]
[BlackElo "774"]
[Annotator "NA RC"]
[PlyCount "55"]
[EventDate "2024.12.23"]
[EventType "team-tourn"]
[EventRounds "7"]
[EventCountry "GER"]
[SourceTitle "playchess.com"]
[Source "ChessBase"]
[SourceQuality "1"]
[TimeControl "3300+5"]

1. e4 d5 2. exd5 Qxd5 3. Nc3 Qa5 4. Nf3 c6 5. d4 Nf6 6. Bc4 Bf5 7. O-O e6 8. Re1 Bd6 9. d5 cxd5 10. Nxd5 Nc6 11. Ne3 O-O 12. Qxd6 Rad8 13. Qg3 Nd4 14. Rf1 Nxc2 15. Nxc2 Bxc2 16. Bh6 Nh5 17. Qg5 Qxg5 18. Bxg5 Rc8 19. Be2 h6 20. Be3 Be4 21. Bxa7 Rc2 22. Bd1 Rxb2 23. Bd4 Rb4 24. Bc5 Rc4 25. Bxf8 Kxf8 26. Nd2 Rd4 27. Nxe4 Rxe4 28. Bxh5 1-0

[Event "DVM U10 2024"]
[Site "Duesseldorf"]
[Date "2024.12.27"]
[Round "3"]
[White "Ramkumar, Dhuruvan"]
[Black "Baskurt, Ayaz"]
[Result "1/2-1/2"]
[ECO "B12"]
[WhiteElo "924"]
[BlackElo "903"]
[Annotator "NA RC"]
[PlyCount "45"]
[EventDate "2024.12.23"]
[EventType "team-tourn"]
[EventRounds "7"]
[EventCountry "GER"]
[SourceTitle "playchess.com"]
[Source "ChessBase"]
[SourceQuality "1"]
[TimeControl "3300+5"]

1. e4 c6 2. d4 d5 3. e5 Bf5 4. Nf3 e6 5. a3 Nd7 6. Nc3 c5 7. Be3 cxd4 8. Bxd4 Bc5 9. Bb5 Bxd4 10. Qxd4 a6 11. Ba4 Ne7 12. O-O O-O 13. Rfe1 Rc8 14. Qa7 Rc7 15. Bxd7 Rxd7 16. Rac1 d4 17. Na2 Nc6 18. Qc5 Rd5 19. Qc4 Na5 20. Qb4 Nc6 21. Qxb7 Qc8 22. Qxc8 Rxc8 23. c4 1/2-1/2

[Event "DVM U10 2024"]
[Site "Duesseldorf"]
[Date "2024.12.27"]
[Round "3"]
[White "Jöhnke, Thore"]
[Black "Wüstenberg, Jan"]
[Result "0-1"]
[ECO "D00"]
[WhiteElo "861"]
[BlackElo "1221"]
[Annotator "NA RC"]
[PlyCount "134"]
[EventDate "2024.12.23"]
[EventType "team-tourn"]
[EventRounds "7"]
[EventCountry "GER"]
[SourceTitle "playchess.com"]
[Source "ChessBase"]
[SourceQuality "1"]
[TimeControl "3300+5"]

1. d4 d5 2. Nc3 Nf6 3. Nf3 Nc6 4. Bf4 Bg4 5. e3 e6 6. Bb5 a6 7. Ba4 Bb4 8. a3 b5 9. axb4 bxa4 10. Nxa4 Nxb4 11. Nc5 O-O 12. h3 Bf5 13. O-O Re8 14. Qd2 Nxc2 15. Rac1 a5 16. Nh4 Ne4 17. Nxe4 Bxe4 18. f3 Nb4 19. fxe4 Qxh4 20. e5 Rac8 21. Rc5 Qe7 22. Rxa5 Rb8 23. Raa1 Qd7 24. Qe2 Qc8 25. Qg4 g6 26. Bh6 Qd7 27. Qh4 Qe7 28. Bg5 Qf8 29. Bh6 Qe7 30. Bg5 Qf8 31. Bf6 Nd3 32. Rad1 Nxb2 33. Rc1 Rbc8 34. Qg5 Nc4 35. Rf4 Nxe3 36. Re1 Nf5 37. h4 Qh6 38. Qxh6 Nxh6 39. Re3 Nf5 40. Rh3 c5 41. dxc5 Rxc5 42. h5 Rc1+ 43. Kh2 d4 44. hxg6 fxg6 45. g4 Rc2+ 46. Kh1 Ne3 47. g5 Re2 48. Rfh4 h5 49. Rxd4 Kf7 50. Rd7+ Kf8 51. Rg7 Rc8 52. Rg3 Nf5 53. Rg1 Nxg7 54. Bxg7+ Kxg7 55. Rd1 Rcc2 56. Rd7+ Kf8 57. Rd8+ Ke7 58. Rd1 Rh2+ 59. Kg1 Rcg2+ 60. Kf1 h4 61. Ra1 Kd7 62. Ra7+ Kc6 63. Ra6+ Kb7 64. Rxe6 h3 65. Re7+ Kc6 66. Re6+ Kd5 67. Rxg6 Rh1# 0-1

[Event "DVM U10 2024"]
[Site "Duesseldorf"]
[Date "2024.12.27"]
[Round "3"]
[White "Widlitzek, Philipp"]
[Black "Kresse, Andreas"]
[Result "1-0"]
[ECO "C45"]
[WhiteElo "860"]
[BlackElo "744"]
[Annotator "NA RC"]
[PlyCount "39"]
[EventDate "2024.12.23"]
[EventType "team-tourn"]
[EventRounds "7"]
[EventCountry "GER"]
[SourceTitle "playchess.com"]
[Source "ChessBase"]
[SourceQuality "1"]
[TimeControl "3300+5"]

1. e4 e5 2. Nf3 Nc6 3. d4 exd4 4. Nxd4 Nxd4 5. Qxd4 b6 6. Nc3 Bc5 7. Qxg7 Qh4 8. g3 Qh6 9. Bxh6 Nxh6 10. Qxh8+ Bf8 11. Nd5 c6 12. Nc7+ Ke7 13. Nxa8 Bb7 14. Nc7 c5 15. Nd5+ Ke8 16. Qxh7 Nf5 17. Qxf5 Bxd5 18. Qxd5 Ke7 19. O-O-O Ke8 20. Qxd7# 1-0

[Event "DVM U10 2024"]
[Site "Duesseldorf"]
[Date "2024.12.27"]
[Round "3"]
[White "Sachse, Alina"]
[Black "Kissel, Joshua"]
[Result "1/2-1/2"]
[ECO "B02"]
[WhiteElo "848"]
[BlackElo "1140"]
[Annotator "NA RC"]
[PlyCount "81"]
[EventDate "2024.12.23"]
[EventType "team-tourn"]
[EventRounds "7"]
[EventCountry "GER"]
[SourceTitle "playchess.com"]
[Source "ChessBase"]
[SourceQuality "1"]
[TimeControl "3300+5"]

1. e4 d5 2. exd5 Nf6 3. Nc3 Nxd5 4. Nxd5 Qxd5 5. b3 e5 6. Bc4 Qe4+ 7. Ne2 Qxg2 8. Rf1 Qxh2 9. d3 Bh3 10. Bb5+ c6 11. Bc4 Bc5 12. d4 exd4 13. Bf4 Qg2 14. Nxd4 b5 15. Bd3 Bxd4 16. Qe2+ Be6 17. Be4 Qg4 18. Bf3 Qxf4 19. Rd1 Bc3+ 20. Rd2 Bxd2+ 21. Qxd2 Qxd2+ 22. Kxd2 O-O 23. Re1 Bd5 24. Bg4 c5 25. Re5 Rd8 26. f4 Na6 27. f5 Bf3+ 28. Ke3 Bxg4 29. Kf4 Rd4+ 30. Kg5 f6+ 31. Kh4 fxe5 32. Kg3 Bxf5 33. c3 Rd3+ 34. Kf2 Rxc3 35. Ke2 Rc2+ 36. Ke3 Rxa2 37. Kf3 Ra3 38. Kg3 Rxb3+ 39. Kh4 Rd8 40. Kg5 g6 41. Kh4 1/2-1/2

[Event "DVM U10 2024"]
[Site "Duesseldorf"]
[Date "2024.12.27"]
[Round "3"]
[White "Vahner, Danyil"]
[Black "Belyakov, Konstantin"]
[Result "0-1"]
[ECO "C00"]
[WhiteElo "838"]
[BlackElo "1251"]
[Annotator "NA RC"]
[PlyCount "78"]
[EventDate "2024.12.23"]
[EventType "team-tourn"]
[EventRounds "7"]
[EventCountry "GER"]
[SourceTitle "playchess.com"]
[Source "ChessBase"]
[SourceQuality "1"]
[TimeControl "3300+5"]

1. e4 e6 2. c4 Nc6 3. d4 Nce7 4. Nc3 d5 5. cxd5 exd5 6. e5 Nc6 7. Bb5 Qd7 8. Qf3 Bb4 9. Bd2 Bxc3 10. Bxc3 Nge7 11. Qg3 Qg4 12. Nf3 O-O 13. Bxc6 Nxc6 14. O-O f6 15. exf6 Rxf6 16. Qxc7 Rxf3 17. Rae1 Rf8 18. Re3 Qd7 19. Qg3 Qf7 20. Rf3 Bf5 21. Qh4 Rae8 22. g4 Qg6 23. Rg3 Be4 24. b4 Rf3 25. Re1 Rxg3+ 26. hxg3 Qf6 27. Qh5 g6 28. Qh6 Qf3 29. Qh2 Qxc3 30. Rf1 Qxb4 31. f3 Qxd4+ 32. Kh1 Bxf3+ 33. Qg2 Bxg2+ 34. Kxg2 Qxg4 35. Rf2 Re2 36. Rxe2 Qxe2+ 37. Kh3 h5 38. a4 a5 39. Kh4 Qg4# 0-1

[Event "DVM U10 2024"]
[Site "Duesseldorf"]
[Date "2024.12.27"]
[Round "3"]
[White "Mätz, Mark"]
[Black "Thotli, Jathin Krishna"]
[Result "0-1"]
[ECO "D40"]
[WhiteElo "767"]
[BlackElo "1422"]
[Annotator "NA RC"]
[PlyCount "46"]
[EventDate "2024.12.23"]
[EventType "team-tourn"]
[EventRounds "7"]
[EventCountry "GER"]
[SourceTitle "playchess.com"]
[Source "ChessBase"]
[SourceQuality "1"]
[TimeControl "3300+5"]

1. d4 d5 2. c4 e6 3. Nf3 Bd6 4. Nc3 c5 5. e3 Nf6 6. Bd3 Nc6 7. e4 cxd4 8. Nb5 dxe4 9. Nxd6+ Qxd6 10. Bc2 exf3 11. Qxf3 Qb4+ 12. Bd2 Qxb2 13. Rc1 Nb4 14. Ba4+ Bd7 15. Qxb7 O-O 16. Bxd7 Nd3+ 17. Kd1 Qxb7 18. Bb5 Nxf2+ 19. Ke2 Nxh1 20. Rxh1 d3+ 21. Kxd3 Rad8+ 22. Ke2 Qxg2+ 23. Kd1 Qxd2# 0-1